 Dungeon Crawl Stone Soup version 0.27-a0-1196-g3e9cee4cb2 (webtiles) character file.

Game seed: 15494064944795693798

13006 robertstho the Thaumaturge (level 12, -1/75 HPs)
             Began as a Djinni Fire Elementalist on May 27, 2021.
             Was a Priest of Hepliaklqana.
             Shot with an arrow by a centaur (6 damage)
             ... on level 11 of the Dungeon.
             The game lasted 00:23:04 (14617 turns).

robertstho the Thaumaturge (DjFE)                  Turns: 14617, Time: 00:23:04

Health: -1/75      AC: 11    Str: 10    XL:     12   Next: 27%
Gold:   554        EV: 13    Int: 22    God:    Hepliaklqana [***...] SH:  0 Dex: 14

rFire    + + +     SeeInvis .   l - +7 war axe of Inflation {flame, Str+3}
rCold    x . .     Faith    .   (no shield)
rNeg     . . .     Spirit   .   x - +0 steam dragon scales
rPois    ∞         Reflect  .   c - +0 helmet
rElec    .         Harm     .   n - +0 cloak
rCorr    .         Rampage  .   (no gloves)
Will     +....                  (boots unavailable)
Stlth    +++.......             (no amulet)
HPRegen  0.22/turn              d - +4 ring of protection
MPRegen  0.00/turn              r - ring of protection from fire

@: flying
A: reduced essence, sickness immunity, fire resistance 2, cold vulnerability 1,
float, innate caster, hp casting, extra vitality 1
a: Renounce Religion, Recall Ancestor, Ancestor Identity, Transference


You were on level 11 of the Dungeon.
You worshipped Hepliaklqana.
Hepliaklqana was most pleased with you.
You visited 2 branches of the dungeon, and saw 12 of its levels.

You collected 554 gold pieces.

Inventory:

Hand Weapons
 l - the +7 war axe of Inflation (weapon) {flame, Str+3}
   (You acquired it on level 3 of the Dungeon)

   It has been specially enchanted to burn those struck by it, causing extra
   injury to most foes and up to half again as much damage against particularly
   susceptible opponents.
   Big, fiery blades are also staple armaments of hydra-hunters.
   It affects your strength (+3).
Missiles
 F - a throwing net
Armour
 c - a +0 helmet (worn)
 n - a +0 cloak (worn)
 x - +0 steam dragon scales (worn)
Jewellery
 d - a +4 ring of protection (left hand)
 q - a ring of fire
 r - a ring of protection from fire (right hand)
Wands
 o - a wand of acid (4)
 t - a wand of digging (4)
 y - a wand of flame (19)
Scrolls
 b - 3 scrolls of enchant weapon
 f - 2 scrolls of magic mapping {unknown}
 i - 2 scrolls of silence
 j - 2 scrolls of vulnerability
 m - 2 scrolls of fog
 p - 2 scrolls of immolation
 s - 3 scrolls of teleportation {unknown}
 u - a scroll of enchant armour {unknown}
 B - a scroll of amnesia {unknown}
 D - a scroll of fear
 E - a scroll of torment
Potions
 a - a potion of flight {unknown}
 e - 6 potions of curing
 g - 2 potions of lignification
 h - 4 potions of heal wounds {unknown}
 k - 4 potions of attraction
 v - 2 potions of haste
 w - 2 potions of berserk rage
 z - a potion of resistance
 A - a potion of invisibility
 C - a potion of degeneration {unknown}


   Skills:
 * Level 6.9 Fighting
 + Level 3.9 Axes
 + Level 4.0 Dodging
 + Level 4.0 Stealth
 * Level 11.7 Spellcasting
 * Level 5.6 Invocations


You had 4 spell levels left.
You knew the following spells:

 Your Spells              Type           Power      Damage    Failure   Level
a - Foxfire               Conj/Fire      100%       2x1d9     1%          1
b - Conjure Flame         Conj/Fire      59%        6-21      1%          3
c - Inner Flame           Hex/Fire       59%        N/A       1%          3
d - Sticky Flame          Conj/Fire      59%        2d7       1%          4
e - Fireball              Conj/Fire      29%        3d13      1%          5
f - Sting                 Tmut/Pois      100%       1d8       1%          1
g - Blink                 Tloc           N/A        N/A       1%          2
h - Ignite Poison         Fire/Tmut/Pois 59%        N/A       1%          3
i - Ozocubu's Armour      Ice            59%        N/A       1%          3
j - Iskenderun's Battles  Conj           59%        2d11      1%          5
Your spell library was empty.

Dungeon Overview and Level Annotations

Branches:
Dungeon (11/15)            Temple (1/1) D:4            Lair (0/6) D:11
    Orc: D:9-12

Altars:
Ashenzari
Cheibriados
Dithmenos
Elyvilon
Fedhas
Gozag
Hepliaklqana
Kikubaaqudgha
Makhleb
Nemelex Xobeh
Okawaru
Qazlal
Ru
Sif Muna
Trog
Uskayaw
Vehumet
Wu Jian
Xom
Yredelemnul
Zin
The Shining One

Shops:
D:4 =

Annotations:
D:8 1 runed translucent door
D:9 2 transporters, AtomicRavioli's ghost, novice DsNe


Innate Abilities, Weirdness & Mutations

Your life essence is reduced to manifest your ancestor. (-10% HP)
You are immune to sickness and miasma.
You are immune to poison.
Your flesh is very heat resistant. (rF++)
You are vulnerable to cold. (rC-)
You float through the air rather than walking.
You learn spells naturally, not from books.
Your magical power is your life essence.
You have superior vitality. (+4 HP)


Message History

The centaur shoots an arrow.
The arrow hits you.
A centaur comes into view. x2
The centaur shoots an arrow.
The arrow hits you.
The centaur shoots an arrow.
The arrow barely misses you.
The centaur wields a +0 shortbow.
The centaur shoots an arrow.
The arrow hits you.
Vojtech points at the centaur and mumbles some strange words.
The centaur resists with some effort.
Casting: Fireball (dangerous; 1% risk of failure)
Confirm with . or Enter, or press ? or * to list all spells.
Aiming: Fireball (dangerous; 1% risk of failure)
Press: ? - help, Shift-Dir - straight line, f/p - centaur
Aim: a centaur, wielding a +0 shortbow and quivering arrows (almost dead, ally target)
The fireball explodes!
The fireball engulfs the centaur!!
You kill the centaur!
The centaur shoots an arrow.
The arrow hits you!
The centaur shoots an arrow.
The arrow hits you!
The centaur wields a +0 shortbow.
The centaur shoots an arrow.
The arrow closely misses you.
The arrow hits Vojtech.
The centaur shoots an arrow.
The arrow closely misses you.
Casting: Fireball (dangerous; 1% risk of failure)
Confirm with . or Enter, or press ? or * to list all spells.
Aiming: Fireball (dangerous; 1% risk of failure)
Press: ? - help, Shift-Dir - straight line, f - centaur
Aim: a centaur, wielding a +0 shortbow and quivering arrows The fireball explodes!
The fireball engulfs the centaur!!
The centaur is almost dead.
* * * LOW HITPOINT WARNING * * *
The centaur shoots an arrow.
The arrow hits you.
* * * LOW HITPOINT WARNING * * *
The centaur shoots an arrow.
The arrow hits you.
* * * LOW HITPOINT WARNING * * *
The centaur shoots an arrow.
The arrow barely misses you.
The arrow hits Vojtech.
The centaur shoots an arrow.
The arrow hits you.
* * * LOW HITPOINT WARNING * * *
A centaur comes into view. It is wielding a +0 long sword.
Casting: Fireball (dangerous; 1% risk of failure)
Confirm with . or Enter, or press ? or * to list all spells.
You don't have enough health to cast this spell.
The centaur shoots an arrow.
The arrow hits you.
You die...

.........c..
##......cc...
#.........c..
#.....)...>..
#............
#......c.....
##............ ..
#.....@R.....P
...#.............
...#...........P.
...'.............
#######.............
...........##.......
...........# .......
...........# .......
...........# ......


You could see the friendly Vojtech the hexer and 5 centaurs.

Vanquished Creatures
  Erica (D:11)
  A hydra (D:11)
  A boulder beetle (D:9)
  3 two-headed ogres
  Nergalle (D:11)
  An ugly thing (D:11)
  A cyclops (D:10)
  A gargoyle (D:10)
  Maggie (D:7)
  A vampire (D:11)
  2 yaks (D:8)
  2 wyverns
  A steam dragon (D:7)
  2 vampire mosquitoes (D:10)
  An acid dragon (D:8)
  4 water moccasins
  5 black bears
  An ice beast (D:5)
  An orc warrior (D:9)
  A hornet zombie (D:6)
  2 ogres
  3 sky beasts
  4 centaurs
  A phantom (D:6)
  Blork the orc (D:4)
  4 bullfrogs
  2 gnoll sergeants
  4 scorpions
  A water moccasin skeleton (D:6)
  16 killer bees
  5 wights
  A howler monkey (D:4)
  2 centaur skeletons (D:5)
  A jelly (D:4)
  Crazy Yiuf (D:4)
  5 orc priests
  A gnoll shaman (D:5)
  A scorpion zombie (D:5)
  2 iguanas
  4 orc wizards
  Robin (D:4)
  12 gnolls
  A howler monkey skeleton (D:4)
  8 adders
  2 worms
  2 dart slugs (D:2)
  34 orcs
  7 ball pythons
  7 bats
  8 endoplasms
  4 giant cockroaches
  15 goblins
  11 hobgoblins
  7 jackals
  16 kobolds
  4 quokkas
  A frilled lizard (D:1)
  9 rats
242 creatures vanquished.

Vanquished Creatures (collateral kills)
  Joseph (D:8)
  An unseen horror (D:11)
  A wyvern (D:10)
  A yak (D:8)
  A water moccasin (D:11)
  An orc warrior (D:10)
  A black bear (D:7)
  A kobold brigand (D:8)
  A killer bee (D:7)
  2 wights
  An orc priest (D:8)
  An orc wizard (D:8)
  4 orcs
  A kobold (D:8)
18 creatures vanquished.

Vanquished Creatures (others)
  6 hexers
  759 foxfires
  49 fungi (D:11)
  55 plants (D:11)
869 creatures vanquished.

Grand Total: 1129 creatures vanquished

Notes
Turn   | Place    | Note
-------+----------+-------------------------------------------
     0 | D:1      | robertstho the Djinni Fire Elementalist began the quest for
                  | the Orb.
     0 | D:1      | Reached XP level 1. HP: 15/15 MP: 0/0
   383 | D:1      | Reached XP level 2. HP: 20/22 MP: 0/0
  1110 | D:1      | Reached skill level 3 in Spellcasting
  1110 | D:1      | Reached XP level 3. HP: 25/26 MP: 0/0
  1110 | D:1      | Learned a level 1 spell: Sting
  2010 | D:2      | Found a white marble altar of Elyvilon.
  2435 | D:2      | Reached skill level 1 in Fighting
  2617 | D:2      | Reached XP level 4. HP: 9/32 MP: 0/0
  3514 | D:3      | Reached XP level 5. HP: 33/37 MP: 0/0
  3514 | D:3      | Learned a level 2 spell: Blink
  4529 | D:4      | Noticed Robin
  4531 | D:4      | Reached skill level 4 in Spellcasting
  4539 | D:3      | Identified 2 scrolls of acquirement
  4539 | D:3      | Acquired the +7 war axe of Inflation {flame, Str+3}
  4697 | D:3      | Acquired a +4 ring of protection
  4748 | D:4      | Reached XP level 6. HP: 34/43 MP: 0/0
  4853 | D:4      | Noticed Blork the orc
  4857 | D:4      | Killed Blork the orc
  4872 | D:4      | Noticed a sky beast
  4881 | D:4      | Killed a sky beast
  4882 | D:4      | Reached skill level 5 in Spellcasting
  4882 | D:4      | Reached XP level 7. HP: 24/49 MP: 0/0
  4882 | D:4      | Learned a level 3 spell: Ignite Poison
  4984 | D:4      | Killed Robin
  5164 | D:4      | Found Rymaheda's Jewellery Shoppe.
  5424 | D:4      | Found a runed translucent door.
  5425 | D:4      | Noticed Crazy Yiuf
  5440 | D:4      | Found a staircase to the Ecumenical Temple.
  5498 | Temple   | Entered the Ecumenical Temple
  5559 | Temple   | Became a worshipper of Hepliaklqana the Forgotten
  5853 | D:4      | Identified the +6 mace "Ilizxas" {vorpal, rF+ Int+3}
  6018 | D:4      | Killed Crazy Yiuf
  6076 | D:5      | Entered Level 5 of the Dungeon
  6076 | D:5      | Noticed a water moccasin
  6079 | D:5      | Killed a water moccasin
  6129 | D:5      | Reached skill level 6 in Spellcasting
  6129 | D:5      | Reached XP level 8. HP: 49/55 MP: 0/0
  6141 | D:5      | Reached skill level 1 in Invocations
  7092 | D:5      | Reached skill level 7 in Spellcasting
  7440 | D:5      | Reached * piety under Hepliaklqana
  7649 | D:6      | Reached XP level 9. HP: 48/55 MP: 0/0
  7649 | D:6      | Learned a level 3 spell: Ozocubu's Armour
  8262 | D:6      | Reached skill level 1 in Axes
  8455 | D:6      | Reached skill level 8 in Spellcasting
  8828 | D:6      | Reached ** piety under Hepliaklqana
  8832 | D:6      | Remembered your ancestor Vojtech as a hexer
  9051 | D:7      | Found a glowing silver altar of Zin.
  9052 | D:7      | Found a shadowy altar of Dithmenos.
  9052 | D:7      | Found a shimmering altar of Xom.
  9054 | D:7      | Found an opulent altar of Gozag.
  9054 | D:7      | Found a stormy altar of Qazlal.
  9056 | D:7      | Found a glowing golden altar of the Shining One.
  9056 | D:7      | Found a bloodstained altar of Trog.
  9057 | D:7      | Found a sacrificial altar of Ru.
  9166 | D:7      | Noticed Maggie
  9175 | D:7      | Killed Maggie
  9271 | D:7      | Reached XP level 10. HP: 51/62 MP: 0/0
  9563 | D:7      | Reached skill level 5 in Fighting
 10146 | D:8      | Reached skill level 9 in Spellcasting
 10325 | D:8      | Noticed Joseph
 10331 | D:8      | Killed Joseph
 11029 | D:8      | Noticed a cyclops
 11029 | D:8      | Noticed a purple ugly thing
 11030 | D:8      | Found a runed translucent door.
 11032 | D:8      | Noticed a death knight
 11032 | D:8      | Noticed a cyan ugly thing
 11032 | D:8      | Noticed a skeletal warrior
 11699 | D:9      | Noticed a moth of wrath
 12022 | D:9      | Reached *** piety under Hepliaklqana
 12044 | D:9      | Noticed a boulder beetle
 12054 | D:9      | Killed a boulder beetle
 12055 | D:9      | Reached skill level 10 in Spellcasting
 12055 | D:9      | Reached XP level 11. HP: 38/68 MP: 0/0
 12055 | D:9      | Learned a level 5 spell: Iskenderun's Battlesphere
 12304 | D:9      | Noticed a tengu warrior
 12306 | D:9      | Noticed AtomicRavioli's ghost (novice DsNe)
 12310 | D:9      | Noticed a two-headed ogre
 12325 | D:9      | Found a bloodstained altar of Trog.
 12326 | D:9      | Found a transporter.
 12332 | D:9      | Found a transporter.
 12639 | D:9      | Noticed a two-headed ogre
 12665 | D:9      | Killed a two-headed ogre
 12808 | D:10     | Entered Level 10 of the Dungeon
 13040 | D:10     | Noticed a two-headed ogre
 13043 | D:10     | Noticed a cyclops
 13044 | D:10     | Killed a two-headed ogre
 13045 | D:10     | Reached skill level 5 in Invocations
 13047 | D:10     | Killed a cyclops
 13943 | D:11     | Noticed a five-headed hydra
 13946 | D:11     | Noticed a two-headed ogre
 13947 | D:11     | Killed a five-headed hydra
 13948 | D:11     | Reached skill level 11 in Spellcasting
 13956 | D:11     | Noticed a purple ugly thing
 13957 | D:11     | Killed a two-headed ogre
 13958 | D:11     | Reached XP level 12. HP: 26/75 MP: 0/0
 14246 | D:11     | Noticed Nergalle
 14251 | D:11     | Killed Nergalle
 14388 | D:11     | Noticed Erica
 14393 | D:11     | Killed Erica
 14609 | D:11     | Found a staircase to the Lair.
 14617 | D:11     | Shot with an arrow by a centaur

Illustrated notes

Levels and vault maps discovered:
D:1:      minmay_arrival_diagonal_passages, layout_basic, minmay_misc_feat_room,
          chequers_serial_rivers_marsh, minmay_pentomino_x4
D:2:      layout_rooms, basic_altar, st_stairs_12
D:3:      layout_basic, minmay_randomly_rotated_circles
D:4:      layout_cave_pools, minmay_temple_entry_stoned_glass, serial_shops,
          shop, uniq_blork_the_orc, uniq_crazy_yiuf_cottage, uniq_robin
D:5:      layout_basic
D:6:      layout_cave_pods
D:7:      layout_basic, grunt_temple_overflow_open, supply_closet_lemuel,
          uniq_maggie
D:8:      minmay_gate_of_8, layout_loops_cross, uniq_joseph
D:9:      layout_loops_ring, gammafunk_ghost_wrathful_warriors
D:10:     layout_rooms, nicolae_overflow_crystal_walls,
          kennysheep_generic_room_13
D:11:     layout_gridville, due_lair_maze_entry_diamond, ebering_ghost_gozag,
          uniq_nergalle, uniq_erica
Temple:   nicolae_temple_god_jail

Skill      XL: |  1  2  3  4  5  6  7  8  9 10 11 12 |
---------------+-------------------------------------+-----
Spellcasting   | 3 4 5 6 7 8 10 11 | 11.7
Fighting       | 1 2 3 4 6 |  6.9
Stealth        | 2 3 4 |  4.0
Invocations    | 1 3 4 5 |  5.6
Dodging        | 3 4 |  4.0
Axes           | 1 3 |  3.9

Action                   |  1- 3 |  4- 6 |  7- 9 | 10-12 || total
-------------------------+-------+-------+-------+-------++-------
Melee: Unarmed           |     4 |       |       |       ||     4
       War axe           |       |     3 |    23 |    20 ||    46
 Cast: Foxfire           |   107 |   102 |   186 |    62 ||   457
       Sticky Flame      |       |     1 |    13 |    18 ||    32
       Fireball          |       |       |     7 |    83 ||    90
       Conjure Flame     |       |       |     2 |       ||     2
       Iskenderun's Batt |       |       |       |     3 ||     3
Invok: Ancestor Life: He |       |       |     1 |       ||     1
  Use: Scroll            |       |     7 |     3 |     4 ||    14
       Potion            |       |     3 |     2 |       ||     5
 Stab: Sleeping          |       |       |     2 |     1 ||     3
Armor: Robe              |    11 |     5 |    25 |       ||    41
       Skin              |       |    12 |       |       ||    12
       Steam dragon scal |       |       |       |    11 ||    11
Dodge: Dodged            |    52 |    25 |    30 |    32 ||   139

Table legend: (Time is in decaauts)
 A = Elapsed time spent in this place.
 B = Non-inter-level travel time spent in this place.
 C = Inter-level travel time spent in this place.
 D = Time resting spent in this place.
 E = Time spent auto-exploring this place.
 F = Levels seen in this place.
 G = Mean time per level.
                   A        B        C        D        E       F      G
               +--------+--------+--------+--------+--------+-----+--------+
         Total |  14636 |  14336 |    300 |   1462 |  11294 |  12 | 1219.7 |
       Dungeon |  14564 |  14274 |    290 |   1462 |  11247 |  11 | 1324.0 |
        Temple |     71 |     61 |     10 |      0 |     47 |   1 |   71.0 |
               +--------+--------+--------+--------+--------+-----+--------+

Top non-repeatable levels by time:
     D:1: 1931 daAuts
     D:3: 1680 daAuts
     D:9: 1668 daAuts
     D:4: 1542 daAuts
     D:8: 1468 daAuts
     D:6: 1430 daAuts
     D:5: 1273 daAuts
     D:2: 1120 daAuts
    D:10: 945 daAuts
     D:7: 934 daAuts
    D:11: 568 daAuts
  Temple: 71 daAuts
